 Dungeon Crawl Stone Soup version 0.27-a0-1147-gb3d8e82157 (webtiles) character file.

Game seed: 8846570082721263094

214 kae the Slasher (level 5, -1/43 HPs)
             Began as a Demonspawn Abyssal Knight on May 11, 2021.
             Was a Believer of Lugonu.
             Killed from afar by an orc wizard (7 damage)
             ... with a magic dart
             ... on level 4 of the Dungeon.
             The game lasted 00:01:49 (3731 turns).

kae the Slasher (Demonspawn Abyssal Knight)         Turns: 3731, Time: 00:01:50

Health: -1/43      AC:  7    Str: 14    XL:     5   Next: 59%
Magic:  6/6        EV:  7    Int: 13    God:    Lugonu [**....]
Gold:   103        SH:  7    Dex: 12    Spells: 4/4 levels left

rFire    . . .     SeeInvis .   a - +1 falchion
rCold    . . .     Faith    .   e - +0 kite shield
rNeg     . . .     Spirit   .   f - +0 ring mail
rPois    .         Reflect  .   (no helmet)
rElec    .         Harm     .   (no cloak)
rCorr    .         Rampage  .   (no gloves)
Will     .....                  (no boots)
Stlth    +.........             (no amulet)
HPRegen  0.14/turn              (no ring)
MPRegen  0.10/turn              (no ring)

@: no status effects
A: thin metallic scales 1, demonic guardian 2, ignite blood 1
a: Renounce Religion, Depart the Abyss, Bend Space


You were on level 4 of the Dungeon.
You worshipped Lugonu.
Lugonu was pleased with you.
You visited 1 branch of the dungeon, and saw 4 of its levels.
You visited the Abyss 1 time.

You collected 103 gold pieces.

Inventory:

Hand Weapons
 a - a +1 falchion (weapon)
Armour
 b - a +1 leather armour
 e - a +0 kite shield (worn)
 f - a +0 ring mail (worn)
Jewellery
 d - a ring of fire
Wands
 k - a wand of polymorph (13)
Scrolls
 g - a scroll of blinking {unknown}
Potions
 c - a potion of berserk rage
 h - 3 potions of attraction {unknown}
 i - a potion of mutation {unknown}
 l - a potion of degeneration {unknown}


   Skills:
 + Level 4.3 Fighting
 * Level 4.5 Long Blades
 - Level 1.7 Armour
 - Level 0.8 Dodging
 - Level 2.4 Invocations


You had 4 spell levels left.
You didn't know any spells.
Your spell library was empty.

Dungeon Overview and Level Annotations

Branches:
Dungeon (4/15)             Temple (0/1) D:4

Altars:
Wu Jian

Shops:
D:1 =


Innate Abilities, Weirdness & Mutations

You are partially covered in thin metallic scales. (AC +2)
A demonic guardian rushes to your aid.
Your demonic aura sometimes causes spilled blood to erupt in flames.


Message History

Your shield prevents you from hitting the orc wizard.
The orc wizard hits you with a +0 dagger.
Your shield prevents you from hitting the orc wizard.
The orc wizard gestures at itself while chanting.
The orc wizard flickers and vanishes!
Deactivating autopickup; reactivate with Ctrl-A.
You hear some strange, mumbled words.
A magic dart appears from out of thin air!
The magic dart hits you!
You are too injured to fight recklessly!
You miss something. Something hits you but does no damage.
You are too injured to fight recklessly!
You are too injured to fight recklessly!
You closely miss something. Something hits you.
You are too injured to fight recklessly!
You are too injured to fight recklessly!
You closely miss something. Something hits you but does no damage.
You hear some strange, mumbled words.
A puff of flame appears from out of thin air!
The puff of flame hits you!
You barely miss something. Something hits you but does no damage.
You closely miss something. Something hits you.
Something hits you but does no damage.
Your ring mail prevents you from hitting something.
Something hits you but does no damage.
You miss something. Something hits you but does no damage.
You hit something but do no damage. You block something's attack.
Something hits you but does no damage.
You closely miss something.
You hear some strange, mumbled words.
A magic dart appears from out of thin air!
The magic dart hits you!
* * * LOW HITPOINT WARNING * * *
A demonic guardian appears!
You miss something. Something hits you but does no damage.
You hit something. Something hits you but does no damage.
You hear some strange, mumbled words.
A magic dart appears from out of thin air!
The magic dart hits you!
You die...

#####**####..................,,,,
....# #..................,,,,
....# #.....###+#........,,,,
....# #....)#...#........,,,,
..).# #.....#...#........,,,,
....# #.....#...+(.......,,,,
....#######.....#..##........,,,,
............##'##{.#,,,,,,*******
............#...@..#,,,,,,*,,,,,,
............#..4)..#,,,,,,*,,,,,,
............#......#,,,,,,*,,,,,,
............#......#,,,,,,*,,,,,,
............#......#,,,,,,*,,,,,,
...........>#......#,,,,,,*,,,,,,
............###....#,,,,,,,,*****
#############*#....#*********
*,,,,,,,,,,,,,*


You could see a friendly hellwing (summoned).

Vanquished Creatures
  An ogre (D:3)
  2 orc wizards
  A gnoll (D:1)
  An adder (D:3)
  A worm (D:2)
  2 dart slugs (D:1)
  3 orcs
  4 bats
  9 endoplasms
  7 hobgoblins
  A jackal (D:2)
  3 quokkas
  6 ball pythons
  3 frilled lizards
  9 goblins
  6 kobolds
  4 rats
63 creatures vanquished.

Vanquished Creatures (collateral kills)
  An orc (D:3)
  A goblin (D:3)
  A jackal (D:2)
3 creatures vanquished.

Grand Total: 66 creatures vanquished

Notes
Turn   | Place    | Note
-------+----------+-------------------------------------------
     0 | Abyss:1  | kae the Demonspawn Abyssal Knight began the quest for the
                  | Orb.
     0 | Abyss:1  | Reached XP level 1. HP: 18/18 MP: 2/2
    58 | Abyss:1  | Noticed a large abomination
    78 | Abyss:1  | Noticed a tentacled starspawn
    80 | D:1      | Escaped the Abyss
   433 | D:1      | Reached * piety under Lugonu
   501 | D:1      | Gained mutation: Your demonic aura sometimes causes spilled
                  | blood to erupt in flames. [demonic ancestry]
   501 | D:1      | Reached XP level 2. HP: 23/24 MP: 3/3
  1103 | D:1      | Found a faded altar of an unknown god.
  1137 | D:1      | Gained mutation: A weak demonic guardian rushes to your
                  | aid. [demonic ancestry]
  1137 | D:1      | Reached XP level 3. HP: 28/29 MP: 4/4
  1149 | D:1      | Found Senux's Jewellery Boutique.
  2210 | D:2      | Reached ** piety under Lugonu
  2694 | D:3      | Gained mutation: A demonic guardian rushes to your aid.
                  | [demonic ancestry]
  2694 | D:3      | Reached XP level 4. HP: 37/37 MP: 5/5
  2863 | D:3      | Found an ornate altar of the Wu Jian Council.
  3009 | D:3      | Noticed an ogre
  3020 | D:3      | Killed an ogre
  3021 | D:3      | Gained mutation: You are partially covered in thin metallic
                  | scales. (AC +2) [demonic ancestry]
  3021 | D:3      | Reached XP level 5. HP: 28/42 MP: 6/6
  3731 | D:4      | Killed from afar by an orc wizard

Illustrated notes

Levels and vault maps discovered:
D:1:      grunt_arrival_crossed_arrows, layout_basic, serial_shops,
          nicolae_shop_stone, basic_ecumenical_altar
D:2:      layout_basic, hangedman_abyss_or_decor_lesser_grid,
          grunt_ministairs_13
D:3:      layout_basic, nicolae_wu_jian_wuxing_cycle
D:4:      layout_gridville, lemuel_temple_firewalk_b, serial_shops,
          nicolae_shop_trees, sigmund_edmund_badplayer, uniq_eustachio

Skill      XL: |  1  2  3  4 |
---------------+-------------+-----
Long Blades    | 2 3 4 |  4.5
Fighting       | 4 |  4.3
Armour         | |  1.7
Dodging        | |  0.8
Invocations    | |  2.4

Action                   |  1- 3 |  4- 6 || total
-------------------------+-------+-------++-------
Melee: Falchion          |   141 |    55 ||   196
Invok: Depart the Abyss  |     1 |       ||     1
  Use: Scroll            |     2 |     4 ||     6
 Stab: Sleeping          |     1 |       ||     1
Armor: Leather armour    |    44 |     3 ||    47
       Ring mail         |       |    23 ||    23
Dodge: Dodged            |    74 |    14 ||    88
Block: Kite shield       |     9 |    13 ||    22
       Rpst.: Falchion   |    20 |     2 ||    22

Table legend: (Time is in decaauts)
 A = Elapsed time spent in this place.
 B = Non-inter-level travel time spent in this place.
 C = Inter-level travel time spent in this place.
 D = Time resting spent in this place.
 E = Time spent auto-exploring this place.
 F = Levels seen in this place.
 G = Mean time per level.
                   A        B        C        D        E       F      G
               +--------+--------+--------+--------+--------+-----+--------+
         Total |   3782 |   3702 |     80 |    232 |   2964 |   5 |  756.4 |
       Dungeon |   3702 |   3622 |     80 |    232 |   2906 |   4 |  925.5 |
         Abyss |     80 |     80 |      0 |      0 |     58 |   1 |   80.0 |
               +--------+--------+--------+--------+--------+-----+--------+

Top non-repeatable levels by time:
     D:1: 1314 daAuts
     D:2: 1290 daAuts
     D:3: 950 daAuts
     D:4: 146 daAuts
 Abyss:1: 80 daAuts
